 Dungeon Crawl Stone Soup version 0.31.0-9-g3a7656b989 (webtiles) character file.

Game seed: 12630669732296443889

105 qw the Skirmisher (level 4, 0/25 HPs)
             Began as a Deep Elf Hunter on Feb 2, 2024.
             Incinerated by a bombardier beetle (6 damage)
             ... with a burning spray
             ... on level 3 of the Dungeon.
             The game lasted 00:00:06 (1800 turns).

qw the Skirmisher (Deep Elf Hunter)                 Turns: 1800, Time: 00:00:07

Health: 0/25       AC:  3    Str: 10    XL:     4   Next: 54%
Magic:  6/6        EV: 12    Int: 14    God:
Gold:   85         SH:  0    Dex: 18    Spells: 3/3 levels left

rFire   . . .        a - +3 shortbow
rCold   . . .        (shield currently unavailable)
rNeg    . . .        c - +0 leather armour
rPois   .            (no helmet)
rElec   .            (no cloak)
rCorr   .            (no gloves)
SInv    .            (no boots)
Will    .....        (no amulet)
Stlth   +            (no ring)
HPRegen 0.24/turn    (no ring)
MPRegen 0.10/turn

%: no passive effects
@: on fire, glowing
A: no striking features
a: no special abilities


You were on level 3 of the Dungeon.
You visited 1 branch of the dungeon, and saw 3 of its levels.

You collected 85 gold pieces.


   Skills:
 - Level 1.5 Fighting
 + Level 8.0 Ranged Weapons
 - Level 2.4 Dodging
 - Level 1.2 Stealth


You had 3 spell levels left.
You didn't know any spells.
Your spell library was empty.

Inventory:

Hand Weapons
 a - a +3 shortbow (weapon)
Armour
 c - a +0 leather armour (worn)
Potions
 b - a potion of heal wounds {unknown}
 d - a potion of berserk rage {unknown}
 f - 2 potions of curing
 h - a potion of brilliance {unknown}
 i - a potion of degeneration {unknown}

Dungeon Overview and Level Annotations

Branches:
Dungeon (3/15)

Altars:
Nemelex Xobeh


Message History

The adder is moderately wounded.
You feel sick. The adder bites you.
You are more poisoned.
The adder poisons you!
You shoot an arrow. The arrow misses the adder.
You feel very sick. The adder closely misses you.
A bombardier beetle comes into view.
The adder closely misses you.
You shoot an arrow. The arrow closely misses the adder.
You feel sick. The adder barely misses you.
You shoot an arrow. The arrow hits the adder.
The adder is severely wounded.
You feel sick. The adder barely misses you.
You shoot an arrow. The arrow hits the adder!
You kill the adder!
You feel sick.
Your Ranged Weapons skill increases to level 8!
You shoot an arrow. The arrow hits the bombardier beetle.
The bombardier beetle is lightly wounded.
You feel sick.
You shoot an arrow.
The arrow hits the bombardier beetle but does no damage.
The bombardier beetle is lightly wounded.
You feel sick.
You shoot an arrow. The arrow hits the bombardier beetle!
The bombardier beetle is severely wounded.
You feel sick.
The bombardier beetle sprays incendiary fluid at you.
The burning spray hits you.
You are covered in liquid fire!
You shoot an arrow. The arrow hits the bombardier beetle.
The bombardier beetle is almost dead.
The liquid fire burns you!
You feel sick.
You are no longer poisoned.
You shoot an arrow.
The arrow barely misses the bombardier beetle.
The liquid fire burns you!
You die...

....?.?
###.......
..........
.........
.........
#........
#.B......
#@#
########.# #
#........#.
#..........#
#.......####
#.......#
#...>...#
#.......#
#....<..#


You could see a bombardier beetle.

Vanquished Creatures
  3 adders
  3 gnolls (D:2)
  2 dart slugs
  6 bats
  2 endoplasms (D:1)
  5 goblins
  3 hobgoblins (D:1)
  2 jackals (D:1)
  5 quokkas
  4 ball pythons
  3 frilled lizards
  2 kobolds
  8 rats (D:1)
48 creatures vanquished.

Notes
Turn   | Place    | Note
-------+----------+-------------------------------------------
     0 | D:1      | qw the Deep Elf Hunter began the quest for the Orb.
     0 | D:1      | Reached XP level 1. HP: 12/12 MP: 3/3
     0 | D:1      | 0 ||| qw: Version: 0.3-a-155-g5e7d8dd
     0 | D:1      | 0 ||| qw: Game counter: 1367
     0 | D:1      | 0 ||| qw: Melee chars always use a shield: true
     0 | D:1      | 0 ||| qw: God list: Okawaru
     0 | D:1      | 0 ||| qw: Allow faded altars: false
     0 | D:1      | 0 ||| qw: Do Orc after clearing Dungeon:15 true
     0 | D:1      | 0 ||| qw: Do second Lair branch before Depths: true
     0 | D:1      | 0 ||| qw: Lair rune preference: random
     0 | D:1      | 0 ||| qw: Goals: Normal
     0 | D:1      | 0 ||| PLANNING D:1-11
    89 | D:1      | Reached XP level 2. HP: 16/16 MP: 4/4
   107 | D:1      | Reached skill level 6 in Ranged Weapons
   548 | D:1      | Reached XP level 3. HP: 20/20 MP: 5/5
   822 | D:1      | 822 ||| READING scroll labelled NIXZERH CAJELOLEQ.
   822 | D:1      | 822 ||| IDENTIFYING bubbling silvery potion
   823 | D:1      | 823 ||| READING 3 scrolls labelled SURCHA YMUMU.
   823 | D:1      | 823 ||| ENCHANTING +0 shortbow.
   824 | D:1      | 824 ||| READING 2 scrolls of enchant weapon.
   824 | D:1      | 824 ||| ENCHANTING +1 shortbow.
   825 | D:1      | 825 ||| READING scroll of enchant weapon.
   825 | D:1      | 825 ||| ENCHANTING +2 shortbow.
   826 | D:1      | 826 ||| READING 2 scrolls labelled PIACZE MUUNUMI.
   827 | D:1      | 827 ||| DROPPING scroll of butterflies.
   828 | D:1      | 828 ||| DROPPING scroll of immolation.
   996 | D:2      | 996 ||| FLEEEEING.
   998 | D:2      | 998 ||| FLEEEEING.
  1126 | D:2      | Reached skill level 7 in Ranged Weapons
  1224 | D:2      | Found a sparkling altar of Nemelex Xobeh.
  1411 | D:2      | 1411 ||| RETREEEEATING.
  1416 | D:2      | Reached XP level 4. HP: 23/25 MP: 6/6
  1605 | D:2      | 1605 ||| READING 2 scrolls labelled FOTHRO AFIOTIE.
  1606 | D:2      | 1606 ||| READING scroll labelled CEPNIT SEXERA.
  1607 | D:2      | 1607 ||| READING scroll labelled TOSTRADULOTO.
  1608 | D:2      | 1608 ||| DROPPING scroll of poison.
  1610 | D:2      | 1610 ||| Stepping ~*~*~tactically~*~*~ (cloud).
  1616 | D:2      | HP: 6/25 [poisoned by you (poison gas)]
  1796 | D:3      | Reached skill level 8 in Ranged Weapons
  1799 | D:3      | HP: 6/25 [poisoned by an adder]
  1800 | D:3      | Incinerated by a bombardier beetle

Levels and vault maps discovered:
D:1:      dpeg_arrival_ratfight, layout_loops_ring, minmay_liquid_box,
          due_unseen_surprise
D:2:      layout_loops_ring, basic_altar
D:3:      layout_rooms, nicolae_ecumenical_snake_handling,
          kennysheep_generic_room_6

Skill      XL: |  1  2  3  4 |
---------------+-------------+-----
Ranged Weapons | 6 7 8 |  8.0
Fighting       | |  1.5
Dodging        | |  2.4
Stealth        | |  1.2

Action                     |  1- 3 |  4- 6 || total
---------------------------+-------+-------++-------
   Fire: Shortbow          |   116 |    22 ||   138
    Use: Scroll            |     5 |     3 ||     8
 Armour: Leather armour    |    24 |     4 ||    28
  Dodge: Dodged            |    35 |     9 ||    44

Table legend:
 A = Non-vault XP
 B = Vault XP
 C = Vault XP percentage of total XP
 D = Non-vault monster count
 E = Vault monster count
 F = Vault count percentage of total count
                 A         B        C        D         E       F
            +---------+---------+-------+---------+---------+-------
      Total |     146 |       5 |   3.3 |      43 |       5 |  10.4
            +---------+---------+-------+---------+---------+-------
        D:1 |      47 |       5 |   9.6 |      27 |       5 |  15.6
        D:2 |      86 |       0 |   0.0 |      15 |       0 |   0.0
        D:3 |      13 |       0 |   0.0 |       1 |       0 |   0.0
            +---------+---------+-------+---------+---------+-------
